 Dungeon Crawl Stone Soup version 0.28-a0-297-g99b01970c5 (webtiles) character file.

Game seed: 13637140668977471344

1262 Mizzrym the Chopper (level 8, 0/105 HPs)
             Began as a Minotaur Berserker on Aug 29, 2021.
             Was an Elder of Trog.
             Slain by a steam dragon (7 damage)
             ... on level 7 of the Dungeon.
             The game lasted 01:01:55 (5623 turns).

Mizzrym the Chopper (Minotaur Berserker)            Turns: 5623, Time: 01:01:55

Health: 0/105      AC: 10    Str: 23    XL:     8   Next: 27%
Magic:  7/7        EV: 15    Int:  4    God:    Trog [****..]
Gold:   397        SH:  0    Dex: 11    Spells: 7/7 levels left

rFire   . . .      SeeInvis +   b - +0 hand axe
rCold   . . .      Faith    .   (no shield)
rNeg    . . .      Spirit   .   w - +0 scale mail
rPois   .          Reflect  .   (helmet unavailable)
rElec   .          Harm     .   a - +0 cloak
rCorr   .          Rampage  .   x - +0 pair of gloves
Will    .....                   (no boots)
Stlth   ..........              (no amulet)
HPRegen 0.27/turn               f - ring of see invisible
MPRegen 0.10/turn               r - +4 ring of evasion

@: berserking, very quick
A: horns 3, retaliatory headbutt
a: Renounce Religion, Berserk, Trog's Hand, Brothers in Arms


You were on level 7 of the Dungeon.
You worshipped Trog.
Trog was greatly pleased with you.
You visited 1 branch of the dungeon, and saw 7 of its levels.

You collected 397 gold pieces.

Inventory:

Hand Weapons
 b - a +0 hand axe (weapon)
 e - a +2 dagger of electrocution
 l - a +1 short sword of protection
 C - a +1 vorpal mace
Missiles
 k - 2 throwing nets (quivered)
Armour
 a - a +0 cloak (worn)
 w - a +0 scale mail (worn)
 x - a +0 pair of gloves (worn)
 A - a +2 leather armour of cold resistance
Magical Staves
 p - a staff of conjuration
Jewellery
 f - a ring of see invisible (left hand)
 r - a +4 ring of evasion (right hand)
Wands
 d - a wand of mindburst (24)
 t - a wand of flame (15)
Scrolls
 g - 5 scrolls of identify {unknown}
 h - a scroll of summoning {unknown}
 q - a scroll of brand weapon {unknown}
 s - a scroll of fog {unknown}
 v - a scroll of immolation {unknown}
 y - a scroll of noise {unknown}
 z - a scroll of torment {unknown}
 B - a scroll of teleportation {unknown}
Potions
 c - a potion of mutation
 i - a potion of heal wounds {unknown}
 j - 2 potions of flight {unknown}
 m - 2 potions of might {unknown}
 n - 3 potions of curing {unknown}
 o - a potion of haste {unknown}
 u - a potion of magic {unknown}


   Skills:
 + Level 6.2 Fighting
 + Level 7.9 Axes
 + Level 6.7 Armour
 + Level 4.7 Dodging
 + Level 1.6 Stealth


You had 7 spell levels left.
You didn't know any spells.
Your spell library contained the following spells:

 Spells                   Type           Power      Damage    Failure   Level
 Corona                   Hex            0%         N/A       78%         1
 Foxfire                  Conj/Fire      0%         2x1d4     78%         1
 Sandblast                Erth           0%         2d4       78%         1
 Summon Small Mammal      Summ           0%         N/A       78%         1
 Ensorcelled Hibernation  Hex/Ice        0%         N/A       89%         2
 Passwall                 Tmut/Erth      0%         N/A       89%         2
 Slow                     Hex            0%         N/A       89%         2
 Call Canine Familiar     Summ           0%         N/A       98%         3
 Confusing Touch          Hex            0%         N/A       98%         3
 Conjure Flame            Conj/Fire      0%         6-21      98%         3
 Inner Flame              Hex/Fire       0%         N/A       98%         3
 Summon Guardian Golem    Hex/Summ       0%         N/A       98%         3
 Tukima's Dance           Hex            0%         N/A       98%         3
 Lee's Rapid Deconstruct  Erth           0%         3d5*      100%        5
 Yara's Violent Unravell  Hex/Tmut       0%         3d3       100%        5


Dungeon Overview and Level Annotations

Branches:
Dungeon (7/15)
 Temple: D:4-7

Altars:
Gozag
Okawaru
Ru

Shops:
D:2 *


Innate Abilities, Weirdness & Mutations

You have a pair of large horns on your head.
You reflexively headbutt those who attack you in melee.


Message History

The steam dragon bites you. The steam dragon misses you.
You barely miss the steam dragon.
The steam dragon is severely wounded.
The steam dragon bites you.
The steam dragon claws you but does no damage.
You hit the steam dragon.
You headbutt the steam dragon, but do no damage.
The steam dragon is severely wounded.
The steam dragon misses you.
The steam dragon claws you but does no damage.
You barely miss the steam dragon. Your headbutt misses the steam dragon.
The steam dragon is severely wounded.
You hit the steam dragon.
The steam dragon is almost dead.
The steam dragon breathes steam at you. The ball of steam hits you!
You hit the steam dragon but do no damage.
The steam dragon is almost dead.
You are engulfed in a cloud of scalding steam.
The steam dragon bites you but does no damage.
The steam dragon claws you.
You hit the steam dragon but do no damage.
You headbutt the steam dragon, but do no damage.
The steam dragon is almost dead.
You are engulfed in a cloud of scalding steam.
The steam dragon closely misses you. x2
You hit the steam dragon but do no damage.
You headbutt the steam dragon, but do no damage.
The steam dragon is almost dead.
You are engulfed in a cloud of scalding steam.
* * * LOW HITPOINT WARNING * * *
The steam dragon breathes steam at you. The ball of steam hits you!
* * * LOW HITPOINT WARNING * * *
You hit the steam dragon but do no damage.
The steam dragon is almost dead.
The steam dragon completely misses you. The steam dragon closely misses you.
A red film seems to cover your vision as you go berserk!
You feel yourself moving faster!
You feel mighty! The steam dragon bites you!
You die...

#..................
#..................
#<.................
#...##.............
#... #..........##.
#.. #..........#
#..##..#####
#..###D##..#
#..#.§@....+ #.
#.§§§...# #...###'#
#..§##..##
##.§+....#
##+##..<# #..##
#..# ....#


You could see a steam dragon (catching breath).

Vanquished Creatures
  A water moccasin (D:5)
  A black bear (D:5)
  A hornet zombie (D:6)
  An ogre (D:5)
  A necrophage (D:4)
  A phantom (D:5)
  2 scorpions (D:5)
  3 killer bees (D:6)
  A bullfrog zombie (D:6)
  A bullfrog skeleton (D:5)
  2 orc priests
  Terence (D:2)
  2 iguanas
  3 orc wizards
  3 gnolls (D:5)
  7 adders
  A shadow imp (D:5)
  3 worms
  3 dart slugs
  13 orcs
  6 bats
  9 endoplasms
  5 giant cockroaches
  6 goblins
  6 hobgoblins
  6 quokkas
  10 ball pythons
  4 frilled lizards
  9 kobolds
  6 rats
118 creatures vanquished.

Vanquished Creatures (others)
  8 plants (D:6)
8 creatures vanquished.

Grand Total: 126 creatures vanquished

Notes
Turn   | Place    | Note
-------+----------+-------------------------------------------
     0 | D:1      | Mizzrym the Minotaur Berserker began the quest for the Orb.
     0 | D:1      | Reached XP level 1. HP: 19/19 MP: 0/0
   124 | D:1      | HP: 1/20 [kobold (16)]
   136 | D:1      | Reached XP level 2. HP: 2/27 MP: 1/1
   136 | D:1      | Gained mutation: You have a pair of large horns on your
                  | head. [potion of mutation]
   285 | D:1      | Reached skill level 4 in Axes
   715 | D:1      | Found a faded altar of an unknown god.
  1200 | D:1      | Reached XP level 3. HP: 33/33 MP: 2/2
  1432 | D:2      | Reached ** piety under Trog
  1590 | D:2      | Found Gorrua's General Store.
  1765 | D:2      | Noticed Terence
  1777 | D:2      | Killed Terence
  1806 | D:2      | Reached XP level 4. HP: 37/41 MP: 3/3
  2341 | D:3      | Reached skill level 5 in Axes
  2750 | D:3      | Reached XP level 5. HP: 40/47 MP: 4/4
  2790 | D:3      | Reached *** piety under Trog
  3334 | D:4      | Found an opulent altar of Gozag.
  3714 | D:4      | Noticed a necrophage
  3724 | D:4      | Killed a necrophage
  3725 | D:4      | Reached skill level 5 in Fighting
  3725 | D:4      | Reached XP level 6. HP: 51/56 MP: 5/5
  4017 | D:5      | Entered Level 5 of the Dungeon
  4024 | D:5      | Reached skill level 6 in Axes
  4025 | D:5      | Reached skill level 1 in Stealth
  4075 | D:5      | Reached skill level 5 in Armour
  4075 | D:5      | Reached XP level 7. HP: 44/61 MP: 6/6
  4253 | D:5      | Reached skill level 7 in Axes
  4457 | D:5      | Found Doroxtik's Antique Weapon Shop.
  4585 | D:5      | Reached **** piety under Trog
  4735 | D:6      | Found an iron altar of Okawaru.
  4824 | D:6      | Reached XP level 8. HP: 34/70 MP: 7/7
  4902 | D:6      | Found a sacrificial altar of Ru.
  5623 | D:7      | Slain by a steam dragon

Illustrated notes

Levels and vault maps discovered:
D:1:      dpeg_arrival_round_c, layout_basic, basic_ecumenical_altar
D:2:      layout_loops_corners, serial_shops, shop, minmay_pentomino_s2,
          uniq_terence
D:3:      layout_basic, minmay_box_of_dots
D:4:      layout_basic, mainiacjoe_overflow_surrounded_room
D:5:      layout_loops_ring, serial_shops, shop
D:6:      layout_basic, lemuel_doored_altar, lemuel_tele_altar,
          serial_bayou_pond_c, minivault_25, kennysheep_flooded_box
D:7:      layout_gridville, minmay_temple_entry_offerings, serial_shops,
          nicolae_shop_trees, uniq_maggie

Skill      XL: |  1  2  3  4  5  6  7 |
---------------+----------------------+-----
Fighting       | 4 5 6 |  6.2
Axes           | 4 5 6 7 |  7.9
Armour         | 3 4 5 6 |  6.7
Dodging        | 3 4 |  4.7
Stealth        | 1 |  1.6

Action                   |  1- 3 |  4- 6 |  7- 9 || total
-------------------------+-------+-------+-------++-------
Melee: Hand axe          |    78 |   102 |    98 ||   278
       Headbutt          |    13 |    23 |    17 ||    53
Invok: Berserk           |       |       |     1 ||     1
  Use: Potion            |     1 |       |       ||     1
Armor: Animal skin       |     3 |       |       ||     3
       Ring mail         |    15 |    11 |       ||    26
       Leather armour    |     6 |       |       ||     6
       Scale mail        |       |    16 |    23 ||    39
Dodge: Dodged            |    46 |    64 |    85 ||   195

Table legend: (Time is in decaauts)
 A = Elapsed time spent in this place.
 B = Non-inter-level travel time spent in this place.
 C = Inter-level travel time spent in this place.
 D = Time resting spent in this place.
 E = Time spent auto-exploring this place.
 F = Levels seen in this place.
 G = Mean time per level.
                   A        B        C        D        E       F      G
               +--------+--------+--------+--------+--------+-----+--------+
         Total |   5629 |   1492 |   4137 |      0 |      0 |   7 |  804.1 |
       Dungeon |   5629 |   1492 |   4137 |      0 |      0 |   7 |  804.1 |
               +--------+--------+--------+--------+--------+-----+--------+

Top non-repeatable levels by time:
     D:1: 1406 daAuts
     D:2: 896 daAuts
     D:3: 874 daAuts
     D:6: 873 daAuts
     D:4: 844 daAuts
     D:5: 675 daAuts
     D:7: 58 daAuts
